 Dungeon Crawl Stone Soup version 0.18-a0-1791-g880dd48 (webtiles) character file.

39 Eucla the Ducker (level 3, -1/17 HPs)
             Began as a Felid Monk on Apr 22, 2016.
             Slain by a giant gecko (3 damage)
             ... on level 3 of the Dungeon.
             The game lasted 00:02:50 (1713 turns).

Eucla the Ducker (Felid Monk)                       Turns: 1713, Time: 00:02:50

Health: -1/17      AC:  1    Str:  8    XL:     3   Next: 26%
Magic:  3/3        EV: 20    Int: 13    God:
Gold:   47         SH:  0    Dex: 18    Spells: 0 memorised, 2 levels left
                                        Lives:  0   Deaths: 0

rFire  . . .     SeeInvis +       - Unarmed
rCold  . . .     Gourm    .     (armour unavailable)
rNeg   . . .     Faith    .     (shield unavailable)
rPois  .         Spirit   .     (helmet unavailable)
rElec  .         Dismiss  .     (cloak unavailable)
rCorr  .         Reflect  .     (gloves unavailable)
SustAt .         Harm     .     (boots unavailable)
MR     .....                    (no amulet)
Stlth  ++++......               (no ring)
                                (no ring)

@: quick, not resistant to hostile enchantments, stealthy
A: no armour, no weapons or thrown items, claws 1, fangs 3, thin skeletal
structure 1, see invisible, carnivore 3, clever 1, clumsy 1, speed 1, low mp 2,
shaggy fur 1, slow metabolism 1, MP-powered wands, sharp paws
a: no special abilities


You were on level 3 of the Dungeon.
You were full.

You visited 1 branch of the dungeon, and saw 3 of its levels.

You collected 47 gold pieces.

Inventory:

Scrolls
 b - 2 scrolls of identify {unknown}
 d - a scroll of enchant weapon {unknown}
Comestibles
 a - 2 meat rations


   Skills:
 + Level 3.3 Fighting
 + Level 4.7 Dodging
 + Level 3.5 Stealth
 + Level 4.2 Unarmed Combat


You had 2 spell levels left.
You didn't know any spells.

Dungeon Overview and Level Annotations

Branches:
Dungeon (3/15)

Altars:


Innate Abilities, Weirdness & Mutations

You cannot wear armour.
You are incapable of wielding weapons or throwing items.
You have sharp claws.
You have razor-sharp teeth.
You have supernaturally acute eyesight.
You are carnivorous and can eat meat at any time.
You cover ground quickly.
You are covered in fur (AC +1).
You have a slow metabolism.
Your sharp claws are effective at attacking unaware monsters.
You have a somewhat thin skeletal structure (Dex +2, Stealth).
Your mind is acute. (Int +2)
You are clumsy. (Dex -2)
Your magical capacity is very low (-20% MP).
You expend magic power (3 MP) to strengthen your wands.


Message History

You start resting.
A giant gecko is nearby!
You see here a bread ration.
You start resting.
A giant gecko is nearby!
You are too injured to fight recklessly!
You are too injured to fight recklessly!
You are too injured to fight recklessly!
Unknown command.
You are too injured to fight recklessly!
You closely miss the giant gecko. The giant gecko misses you.
You are too injured to fight recklessly!
You closely miss the giant gecko. The giant gecko barely misses you.
The giant gecko bites you.
* * * LOW HITPOINT WARNING * * *
You are too injured to fight recklessly!
You are too injured to fight recklessly!
You scratch the giant gecko but do no damage.
The giant gecko bites you.
You die...

..........#
..........#
.####....###
......#....#
#####......#
###)####
#.## #..####
##.l@.#
#....#
#.%..#
##...#
#.......#
#####...#
#...# #...#
#...#


You could see a giant gecko.

Vanquished Creatures
  2 gnolls (D:1)
  A bat (D:1)
  A giant cockroach (D:3)
  3 goblins (D:1)
  4 hobgoblins
  A giant newt (D:1)
  2 kobolds (D:1)
  5 rats
19 creatures vanquished.

Notes
Turn   | Place    | Note
--------------------------------------------------------------
     0 | D:1      | Eucla the Felid Monk began the quest for the Orb.
     0 | D:1      | Reached XP level 1. HP: 10/10 MP: 2/2
   272 | D:1      | Reached XP level 2. HP: 9/14 MP: 3/3
  1484 | D:1      | Reached XP level 3. HP: 13/17 MP: 4/4
  1523 | D:2      | Gained mutation: Your mind is acute. (Int +2) [potion of mutation]
  1523 | D:2      | Gained mutation: You expend magic power (3 MP) to strengthen your wands. [potion of mutation]
  1523 | D:2      | Gained mutation: Your magical capacity is low (-10% MP). [potion of mutation]
  1565 | D:2      | Gained mutation: You are clumsy. (Dex -2) [potion of mutation]
  1565 | D:2      | Gained mutation: Your magical capacity is very low (-20% MP). [potion of mutation]
  1565 | D:2      | Gained mutation: You have a somewhat thin skeletal structure (Dex +2, Stealth). [potion of mutation]
  1713 | D:3      | Slain by a giant gecko

Vault maps used:
D:1:      lightli_arrival_noodles
D:3:      first_bread

Skill      XL: |  1  2 |
---------------+-------+-----
Stealth        | 3 |  3.5
Fighting       | |  3.3
Dodging        | |  4.7
Unarmed Combat | |  4.2

Action                   || total
-------------------------++-------
Melee: Unarmed           ||    49
       Bite              ||     2
  Use: Potion            ||     2
 Stab: Sleeping          ||     7
  Eat: Chunk             ||     5
Armor: Skin              ||     3
Dodge: Dodged            ||    63
